Unix NetHack Version 5.0.0-0 post-release - last build Jun 10 2026 00:39:30 (3ee93aec679c4c4259841fe613dc97188e26a321,branch:main).

Game began 2026-06-15 01:09:03, ended 2026-06-15 01:11:36.

Cuchullain, lawful male dwarven Archeologist

                            ##-------         --.-----
                             #......-         +......|
                             #|..>..|         |......|
                           # #|.....|         |......-
                           ###--..---         .......
                          ## ## ###             ...
                          #      ###             o
                          #      #################@##
                          #         #           #
                          #
           -----.---------#
           |.........<...|#
           |.............|#
           |..............##
           |.............|
           |.............|
           ---------------

Cuchullain the Digger      St:12 Dx:10 Co:14 In:16 Wi:15 Ch:8  Lawful
Dlvl:2  $:4  HP:0(15) Pw:1(1) AC:9  Xp:1 T:172 

Latest messages:
 The kitten misses the dwarf.
 The kitten misses the dwarf.
 You swap places with the peaceful dwarf.
 The kitten misses the dwarf.
 The kitten misses the dwarf.
 The kitten misses the dwarf.
 The kitten misses the dwarf.
 The kitten misses the dwarf.
 The kitten misses the dwarf.
 The kitten misses the dwarf.
 The kitten misses the dwarf.
 The kitten misses the dwarf.
 The kitten misses the dwarf.
 The kitten misses the dwarf.
 The kitten misses the dwarf.
 You climb up the stairs.
 You start digging.
 You hit the rock with all your might.
 You make an opening in the wall.
 You start digging.
 You hit the rock with all your might.
 You succeed in cutting away some rock.
 You start digging.
 You hit the rock with all your might.
 You succeed in cutting away some rock.
 You start digging.
 You hit the rock with all your might.
 You stop digging.
 You continue digging.
 You succeed in cutting away some rock.
 You stop digging.
 The goblin thrusts her crude dagger.
 The goblin hits!
 You continue digging.
 You hit the rock with all your might.
 You stop digging.
 The goblin thrusts her crude dagger.
 The goblin hits!
 You continue digging.
 You succeed in cutting away some rock.
 The goblin thrusts her crude dagger.
 The goblin hits!
 The goblin thrusts her crude dagger.
 The goblin hits!
 You die...
 Do you want your possessions identified? [ynq] (y) n
 Do you want to see your attributes? [ynq] (y) n
 Do you want an account of creatures vanquished? [ynaq] (y) n
 Do you want to see your conduct and achievements? [ynq] (y) n
 Do you want to see the dungeon overview? [ynq] (y) n

Inventory:
 Coins    ('$')
  $ - 4 gold pieces
 Weapons  (')')
  k - a +0 orcish dagger
  a - a +2 bullwhip
  i - a blessed +0 dwarvish mattock (weapon in hands)
 Armor    ('[')
  c - an uncursed +0 fedora (being worn)
  b - an uncursed +0 leather jacket (being worn)
 Comestibles  ('%')
  j - an uncursed cram ration
  d - 3 uncursed food rations
 Spellbooks  ('+')
  l - an uncursed spellbook of protection
 Tools    ('(')
  h - an empty uncursed sack
  e - a +0 pick-axe (alternate weapon; not wielded)
  f - a tinning kit (0:46)
 Gems/Stones  ('*')
  g - an uncursed touchstone

Cuchullain the Archeologist's attributes:

Background:
 You were a Digger, a level 1 male dwarven Archeologist.
 You were lawful, on a mission for Quetzalcoatl
 who was opposed by Camaxtli (neutral) and Huhetotl (chaotic).
 You were right-handed.
 You were in the Dungeons of Doom, on level 2.
 You entered the dungeon 172 turns ago.
 It was nighttime.
 There was a new moon in effect when your adventure ended.
 You had 7 experience points, 13 more were needed to attain level 2.

Basics:
 You had 0 out of 15 hit points.
 You had 1 out of 1 energy points (spell power).
 Your armor class was 9.
 Your wallet contained 4 zorkmids.
 Autopickup was off.

Final Characteristics:
 Your strength was 12 (limit:18/100).
 Your dexterity was 10 (limit:20).
 Your constitution was 14 (limit:20).
 Your intelligence was 16 (limit:16).
 Your wisdom was 15 (limit:16).
 Your charisma was 8 (limit:16).

Final Status:
 You weren't hungry.
 You were unencumbered.
 You were wielding a mattock.
 You had basic skill with pick-axe.

Final Attributes:
 You were fervently aligned.
 You had automatic searching.
 You had infravision.
 You were lucky.
 You are dead.

Miscellaneous:
 You didn't encounter any bones levels.
 Total elapsed playing time was 2 minutes and 32 seconds.

Major events:
 Turn
    1: Cuchullain the lawful male dwarven Archeologist entered the dungeon
   89: entered the Gnomish Mines
  172: killed by a goblin

You didn't know any spells.

Skills:
 Fighting Skills
   bare handed combat [Unskilled]
   two weapon combat  [Unskilled]
   riding             [Unskilled]
 Weapon Skills
   dagger             [Unskilled]
   knife              [Unskilled]
   pick-axe           [Basic]
   short sword        [Unskilled]
   saber              [Unskilled]
   club               [Unskilled]
   quarterstaff       [Unskilled]
   sling              [Unskilled]
   dart               [Unskilled]
   boomerang          [Unskilled]
   whip               [Basic]
   unicorn horn       [Unskilled]
 Spellcasting Skills
   attack spells      [Unskilled]
   healing spells     [Unskilled]
   divination spells  [Unskilled]
   matter spells      [Unskilled]

Voluntary challenges:
 Character rerolling was not enabled.
 You were an atheist.
 You were illiterate.
 You never genocided any monsters.
 You never polymorphed an object.
 You never changed form.
 You used no wishes.
Achievement:
 You entered the Gnomish Mines.

 The Dungeons of Doom: levels 1 to 2
    Level 1:
    Level 2: <- You were here.
       Stairs down to The Gnomish Mines.
       Final resting place for
          you, killed by a goblin.
 The Gnomish Mines:
    Level 3:


Vanquished creatures:
  a goblin
  a sewer rat
2 creatures vanquished.

No species were genocided or became extinct.

Game over:
                       ----------
                      /          \
                     /    REST    \
                    /      IN      \
                   /     PEACE      \
                  /                  \
                  |    Cuchullain    |
                  |       4 Au       |
                  |   killed by a    |
                  |      goblin      |
                  |                  |
                  |                  |
                  |       2026       |
                 *|     *  *  *      | *
        _________)/\\_//(\/(/\)/\//\/|_)_______

Goodbye Cuchullain the Archeologist...

You died in The Dungeons of Doom on dungeon level 2 with 132 points,
and 4 pieces of gold, after 172 moves.
You were level 1 with a maximum of 15 hit points when you died.

